3L
HOUSTON 1837 COLT .45S @ CAPITAL DISTRICT RED KNIGHTS
05/03/2019
 
TOP OF THE 1ST
Houston 1837 Colt .45s batting - Pitching for Capital District Red Knights : RHP John Alvarado
Pitching: RHP John Alvarado
Batting: LHB Jorge Lucero 0-0: Ball
1-0: Ground out 2-3 (Groundball, 2R)
Batting: SHB Cedric Fields 0-0: Foul Ball, location: 2F
0-1: Ground out 3-1 (Groundball, 34)
Batting: RHB Bob Dickerson 0-0: Called Strike
0-1: Ball
1-1: Ball
2-1: Ball
3-1: Base on Balls
Batting: RHB Carlos Vela 0-0: Ball
1-0: Ball
Bob Dickerson steals 2nd base
2-0: Called Strike
2-1: DOUBLE (Line Drive, 9LM)
Bob Dickerson scores
Batting: LHB Mark McClear 0-0: Ground out 4-3 (Groundball, 4M)
Top of the 1st over - 1 run(s), 1 hit(s), 0 error(s), 1 left on base; Houston 1837 1 - Capital District 0
BOTTOM OF THE 1ST
Capital District Red Knights batting - Pitching for Houston 1837 Colt .45s : RHP Cal Hudson
Pitching: RHP Cal Hudson
Batting: LHB Barton McCann 0-0: Called Strike
0-1: Ball
1-1: Called Strike
1-2: Ball
2-2: Ball
3-2: Foul Ball, location: 2F
3-2: Ground out 4-3 (Groundball, 4)
Batting: RHB Mark Field 0-0: Ball
1-0: Called Strike
1-1: Called Strike
1-2: Ball
2-2: Ground out 6-3 (Groundball, 6M)
Batting: RHB Chang-bum Pak 0-0: Ball
1-0: Ball
2-0: Ball
3-0: Called Strike
3-1: Base on Balls
Batting: LHB Dave Knight 0-0: Ball
1-0: Called Strike
1-1: Ball
2-1: Ball
3-1: Foul Ball, location: 2F
3-2: Fly out, F6 (Popup, 78S)
Bottom of the 1st over - 0 run(s), 0 hit(s), 0 error(s), 1 left on base; Houston 1837 1 - Capital District 0
TOP OF THE 2ND
Houston 1837 Colt .45s batting - Pitching for Capital District Red Knights : RHP John Alvarado
Batting: RHB Rob Warner 0-0: Ball
1-0: Ball
2-0: Swinging Strike
2-1: Fly out, F7 (Flyball, 78M)
Batting: RHB Carlos Vera 0-0: Ball
1-0: Foul Ball, location: 2F
1-1: Ball
2-1: Ball
3-1: Foul Ball, location: 2F
3-2: Ground out 4-3 (Groundball, 4)
Batting: LHB Juan Rodríguez 0-0: Ball
1-0: Ball
2-0: SINGLE (Groundball, 3D)
Batting: LHB Cal Hudson 0-0: Ball
1-0: Foul Ball, location: 2F
1-1: Called Strike
1-2: Foul Ball, location: 2F
1-2: Foul Ball, location: 2F
1-2: Strikes out looking
Top of the 2nd over - 0 run(s), 1 hit(s), 0 error(s), 1 left on base; Houston 1837 1 - Capital District 0
BOTTOM OF THE 2ND
Capital District Red Knights batting - Pitching for Houston 1837 Colt .45s : RHP Cal Hudson
Batting: LHB Jeff Walsh 0-0: Ball
1-0: Foul Ball, location: 2F
1-1: Foul Ball, location: 2F
1-2: Strikes out looking
Batting: RHB Jian-zhang Phan 0-0: Ball
1-0: Ground out 5-3 (Groundball, 56)
Batting: RHB Guillermo Montoya 0-0: Swinging Strike
0-1: Ball
1-1: Ball
2-1: Ball
3-1: Base on Balls
Batting: RHB Cullen Spencer 0-0: Ball
1-0: Fly out, F6 (Popup, 6MD)
Bottom of the 2nd over - 0 run(s), 0 hit(s), 0 error(s), 1 left on base; Houston 1837 1 - Capital District 0
TOP OF THE 3RD
Houston 1837 Colt .45s batting - Pitching for Capital District Red Knights : RHP John Alvarado
Batting: LHB Jorge Lucero 0-0: Called Strike
0-1: Ball
1-1: Ball
2-1: Ball
3-1: Base on Balls
Batting: SHB Cedric Fields 0-0: Ball
1-0: Foul Ball, location: 2F
1-1: Fly out, F7 (Flyball, 7LS)
Batting: RHB Bob Dickerson 0-0: Called Strike
0-1: Ball
1-1: Called Strike
1-2: Foul Ball, location: 2F
1-2: Ground out 4-3 (Groundball, 4M)
Jorge Lucero to second
Batting: RHB Carlos Vela 0-0: Ball
1-0: SINGLE (Flyball, 6MD)
Jorge Lucero to third
Runner from 3rd tries for Home, SAFE, no throw or cutoff
Batting: LHB Mark McClear 0-0: Ball
1-0: Fly out, F8 (Flyball, 8RS)
Top of the 3rd over - 1 run(s), 1 hit(s), 0 error(s), 1 left on base; Houston 1837 2 - Capital District 0
BOTTOM OF THE 3RD
Capital District Red Knights batting - Pitching for Houston 1837 Colt .45s : RHP Cal Hudson
Batting: RHB John Alvarado 0-0: Called Strike
0-1: Ground out 5-3 (Groundball, 56)
Batting: LHB Barton McCann 0-0: Ball
1-0: Swinging Strike
1-1: Ball
2-1: Foul Ball, location: 2F
2-2: Fly out, F8 (Flyball, 8LS)
Batting: RHB Mark Field 0-0: Foul Ball, location: 2F
0-1: DOUBLE (Line Drive, 9LS)
Batting: RHB Chang-bum Pak 0-0: Fly out, F3 (Popup, 3S)
Bottom of the 3rd over - 0 run(s), 1 hit(s), 0 error(s), 1 left on base; Houston 1837 2 - Capital District 0
TOP OF THE 4TH
Houston 1837 Colt .45s batting - Pitching for Capital District Red Knights : RHP John Alvarado
Batting: RHB Rob Warner 0-0: Ball
1-0: Swinging Strike
1-1: Ground out 5-3 (Groundball, 56)
Batting: RHB Carlos Vera 0-0: Ground out 5-3 (Groundball, 5L)
Batting: LHB Juan Rodríguez 0-0: Called Strike
0-1: Called Strike
0-2: Ball
1-2: Foul Ball, location: 2F
1-2: Foul Ball, location: 2F
1-2: Ball
2-2: Strikes out looking
Top of the 4th over - 0 run(s), 0 hit(s), 0 error(s), 0 left on base; Houston 1837 2 - Capital District 0
BOTTOM OF THE 4TH
Capital District Red Knights batting - Pitching for Houston 1837 Colt .45s : RHP Cal Hudson
Batting: LHB Dave Knight 0-0: Ball
1-0: Ball
2-0: Foul Ball, location: 2F
2-1: DOUBLE (Line Drive, 9LM)
Batting: LHB Jeff Walsh 0-0: Called Strike
0-1: Foul Ball, location: 2F
0-2: Hit by Pitch
Batting: RHB Jian-zhang Phan 0-0: Called Strike
0-1: Ball
1-1: Ball
2-1: Fly out, F5 (Popup, 56S)
Batting: RHB Guillermo Montoya 0-0: Ball
1-0: Ball
Wild Pitch!
Dave Knight to third
Jeff Walsh to second
2-0: Swinging Strike
2-1: Ball
3-1: Ground out 5-3 (Groundball, 56)
Dave Knight scores
Batting: RHB Cullen Spencer 0-0: Ball
1-0: Called Strike
1-1: Foul Ball, location: 2F
1-2: Strikes out swinging
Bottom of the 4th over - 1 run(s), 1 hit(s), 0 error(s), 1 left on base; Houston 1837 2 - Capital District 1
TOP OF THE 5TH
Houston 1837 Colt .45s batting - Pitching for Capital District Red Knights : RHP John Alvarado
Batting: LHB Cal Hudson 0-0: Ball
1-0: Ground out 4-3 (Groundball, 4M)
Batting: LHB Jorge Lucero 0-0: Foul Ball, location: 2F
0-1: Ball
1-1: Ball
2-1: Ground out 4-3 (Groundball, 4)
Batting: SHB Cedric Fields 0-0: Ball
1-0: Called Strike
1-1: SINGLE (Line Drive, 9S)
Batting: RHB Bob Dickerson 0-0: Ball
1-0: Called Strike
1-1: Ball
2-1: Foul Ball, location: 2F
2-2: Ball
3-2: Base on Balls
Cedric Fields to second
Batting: RHB Carlos Vela 0-0: Ball
1-0: Called Strike
1-1: Swinging Strike
1-2: SINGLE (Line Drive, 6D)
Cedric Fields to third
Bob Dickerson to second
Runner from 3rd tries for Home, SAFE, no throw or cutoff
Batting: LHB Mark McClear 0-0: Ball
1-0: Ball
2-0: Fly out, F7 (Flyball, 78M)
Top of the 5th over - 1 run(s), 2 hit(s), 0 error(s), 2 left on base; Houston 1837 3 - Capital District 1
BOTTOM OF THE 5TH
Capital District Red Knights batting - Pitching for Houston 1837 Colt .45s : RHP Cal Hudson
Batting: RHB John Alvarado 0-0: Called Strike
0-1: Fly out, F7 (Line Drive, 7M)
Batting: LHB Barton McCann 0-0: Ball
1-0: Called Strike
1-1: Called Strike
1-2: Ball
2-2: Ball
3-2: Foul Ball, location: 2F
3-2: Ground out 1-4-3 (Groundball, 15S)
Batting: RHB Mark Field 0-0: Called Strike
0-1: Foul Ball, location: 2F
0-2: Ball
1-2: Foul Ball, location: 2F
1-2: Ball
2-2: Ball
3-2: Strikes out looking
Bottom of the 5th over - 0 run(s), 0 hit(s), 0 error(s), 0 left on base; Houston 1837 3 - Capital District 1
TOP OF THE 6TH
Houston 1837 Colt .45s batting - Pitching for Capital District Red Knights : RHP John Alvarado
Batting: RHB Rob Warner 0-0: Called Strike
0-1: Called Strike
0-2: Strikes out swinging
Batting: RHB Carlos Vera 0-0: Ball
1-0: Called Strike
1-1: Swinging Strike
1-2: Ball
2-2: SINGLE (Groundball, 34)
Batting: LHB Juan Rodríguez 0-0: Called Strike
0-1: Ball
1-1: Called Strike
1-2: Strikes out swinging
Batting: LHB Cal Hudson 0-0: Ball
1-0: Swinging Strike
1-1: Ball
2-1: Foul Ball, location: 2F
2-2: Strikes out looking
Top of the 6th over - 0 run(s), 1 hit(s), 0 error(s), 1 left on base; Houston 1837 3 - Capital District 1
BOTTOM OF THE 6TH
Capital District Red Knights batting - Pitching for Houston 1837 Colt .45s : RHP Cal Hudson
Batting: RHB Chang-bum Pak 0-0: Ball
1-0: Foul Ball, location: 2F
1-1: Swinging Strike
1-2: Foul Ball, location: 2F
1-2: Ball
2-2: Fly out, F8 (Flyball, 8LM)
Batting: LHB Dave Knight 0-0: Called Strike
0-1: Called Strike
0-2: Ball
1-2: Ground out 6-3 (Groundball, 6M)
Batting: LHB Jeff Walsh 0-0: Ball
1-0: Foul Ball, location: 2F
1-1: Ball
2-1: Ball
3-1: Called Strike
3-2: Ground out U3 (Groundball, 3L)
Bottom of the 6th over - 0 run(s), 0 hit(s), 0 error(s), 0 left on base; Houston 1837 3 - Capital District 1
TOP OF THE 7TH
Houston 1837 Colt .45s batting - Pitching for Capital District Red Knights : RHP John Alvarado
Batting: LHB Jorge Lucero 0-0: Ball
1-0: Ball
2-0: Ball
3-0: Swinging Strike
3-1: Base on Balls
Pitching: RHP Jeff Pearson
Batting: SHB Cedric Fields 0-0: Ball
1-0: Called Strike
1-1: Foul Ball, location: 2F
1-2: Fly out, F3 (Popup, 23)
Batting: RHB Bob Dickerson 0-0: Ball
1-0: Called Strike
1-1: Fly out, F9 (Flyball, 89M)
Batting: RHB Carlos Vela 0-0: Ball
Jorge Lucero is caught stealing 2nd base
Top of the 7th over - 0 run(s), 0 hit(s), 0 error(s), 0 left on base; Houston 1837 3 - Capital District 1
BOTTOM OF THE 7TH
Capital District Red Knights batting - Pitching for Houston 1837 Colt .45s : RHP Cal Hudson
Batting: RHB Jian-zhang Phan 0-0: Fly out, F4 (Popup, 9S)
Batting: RHB Guillermo Montoya 0-0: Foul Ball, location: 2F
0-1: Ball
1-1: SOLO HOME RUN (Flyball, 7D), Distance : 347 ft
Pitching: LHP Josh Cox
Batting: RHB Cullen Spencer 0-0: Called Strike
0-1: Foul Ball, location: 2F
0-2: Foul Ball, location: 2F
0-2: Ball
1-2: Ball
2-2: Ball
3-2: Base on Balls
Pinch Hitting: RHB Michael Collins 0-0: SINGLE (Line Drive, 89S)
Cullen Spencer to second
Pinch Runner at 2nd Alfonso Martínez:
Pinch Hitting: RHB Ricardo Romo 0-0: Ball
Alfonso Martínez steals 3rd base
1-0: Ball
2-0: Ball
3-0: Called Strike
3-1: Foul Ball, location: 2F
3-2: Grounds into double play, U6-3 (Groundball, 6M)
Bottom of the 7th over - 1 run(s), 2 hit(s), 0 error(s), 1 left on base; Houston 1837 3 - Capital District 2
TOP OF THE 8TH
Houston 1837 Colt .45s batting - Pitching for Capital District Red Knights : RHP Jeff Pearson
Pitching: RHP Armando Martínez
Now at 2B: Jean Pronk
Now in LF: Alfonso Martínez
Batting: RHB Carlos Vela 0-0: Ball
1-0: Swinging Strike
1-1: Fly out, F9 (Flyball, 9M)
Batting: LHB Mark McClear 0-0: Ball
1-0: Ball
2-0: Called Strike
2-1: Ground out 4-3 (Groundball, 4)
Batting: RHB Rob Warner 0-0: Ball
1-0: Called Strike
1-1: Ball
2-1: Foul Ball, location: 2F
2-2: Ball
3-2: Foul Ball, location: 2F
3-2: Strikes out looking
Top of the 8th over - 0 run(s), 0 hit(s), 0 error(s), 0 left on base; Houston 1837 3 - Capital District 2
BOTTOM OF THE 8TH
Capital District Red Knights batting - Pitching for Houston 1837 Colt .45s : LHP Josh Cox
Pitching: LHP Jerry Clephane
Now at 2B: Marc Pratt
Batting: RHB Mark Field 0-0: Ground out 3-1 (Groundball, 34)
Pitching: RHP Gary Jones
Batting: RHB Chang-bum Pak 0-0: Ball
1-0: Ball
2-0: Ball
3-0: Base on Balls
Batting: LHB Dave Knight 0-0: Ball
1-0: Ball
2-0: Foul Ball, location: 2F
2-1: Ball
3-1: Foul Ball, location: 2F
3-2: Fly out, F9 (Flyball, 9LD)
Runner from 1st tags up, SAFE at 2nd
Batting: LHB Jeff Walsh 0-0: Swinging Strike
0-1: Ball
Balk!
Chang-bum Pak to third
1-1: Ball
2-1: Ball
3-1: Base on Balls
Batting: RHB Jian-zhang Phan 0-0: Called Strike
0-1: Swinging Strike
0-2: Strikes out swinging
Bottom of the 8th over - 0 run(s), 0 hit(s), 0 error(s), 2 left on base; Houston 1837 3 - Capital District 2
TOP OF THE 9TH
Houston 1837 Colt .45s batting - Pitching for Capital District Red Knights : RHP Armando Martínez
Batting: RHB Carlos Vera 0-0: Called Strike
0-1: Fly out, F7 (Line Drive, 7M)
Batting: LHB Juan Rodríguez 0-0: Ball
1-0: Swinging Strike
1-1: Ball
2-1: Ball
3-1: Foul Ball, location: 2F
3-2: Fly out, F7 (Flyball, 78D)
Batting: RHB Marc Pratt 0-0: Foul Ball, location: 2F
0-1: Ball
1-1: Called Strike
1-2: Ball
2-2: Foul Ball, location: 2F
2-2: Strikes out swinging
Top of the 9th over - 0 run(s), 0 hit(s), 0 error(s), 0 left on base; Houston 1837 3 - Capital District 2
BOTTOM OF THE 9TH
Capital District Red Knights batting - Pitching for Houston 1837 Colt .45s : RHP Gary Jones
Pitching: RHP Dae Yi
Now at C: Phil Hayes
Batting: RHB Guillermo Montoya 0-0: Ball
1-0: Foul Ball, location: 2F
1-1: Fly out, F7 (Flyball, 7LM)
Batting: LHB Alfonso Martínez 0-0: Ball
1-0: SINGLE (Groundball, 56D)
Pinch Hitting: RHB José Romano 0-0: Called Strike
0-1: Swinging Strike
0-2: Ball
1-2: Strikes out swinging
Batting: RHB Jean Pronk 0-0: Ball
1-0: Ball
2-0: Ball
3-0: Called Strike
3-1: Fly out, F3 (Popup, 3SF)
Bottom of the 9th over - 0 run(s), 1 hit(s), 0 error(s), 1 left on base; Houston 1837 3 - Capital District 2
This league is powered by Out of the Park Baseball, the baseball management simulation game for PC, Mac and Linux
Saturday, July 25th, 2015 - OOTP Baseball 15.6 Build 34